 Dungeon Crawl Stone Soup version 0.24.0-123-gd5b16e6ec5 (webtiles) character file.

Game seed: 12186866371015002715, levelgen mode: deterministic

1981 Emblim88 the Covert (level 9, -1/63 HPs)
             Began as a Felid Berserker on Jan 12, 2020.
             Was a High Priest of Trog.
             Slain by a dream sheep (9 damage)
             ... on level 8 of the Dungeon.
             The game lasted 00:20:09 (8223 turns).

Emblim88 the Covert (Felid Berserker)               Turns: 8223, Time: 00:20:11

Health: -1/63      AC:  2    Str: 18    XL:     9   Next: 1%
Magic:  13/13      EV: 28    Int:  8    God:    Trog [*****.]
Gold:   299        SH:  0    Dex: 19    Spells: 8/8 levels left
                                        Lives:  0   Deaths: 2

rFire    . . .     SeeInvis +     - Unarmed
rCold    + . .     Gourm    .   (shield unavailable)
rNeg     . . .     Faith    .   (armour unavailable)
rPois    .         Spirit   .   (helmet unavailable)
rElec    .         Reflect  .   (cloak unavailable)
rCorr    .         Harm     .   (gloves unavailable)
MR       +....                  (boots unavailable)
Stlth    ..........             (no amulet)
HPRegen  0.20/turn              k - ring of protection from cold
MPRegen  0.13/turn              (no ring)

@: berserking, very quick
A: very small, no armour, no weapons or thrown items, stealth, claws 1, fangs 3,
see invisible, carnivore, speed 1, shaggy fur 2, slow metabolism 1, sharp paws
a: Berserk, Trog's Hand, Brothers in Arms, Renounce Religion


You were on level 8 of the Dungeon.
You worshipped Trog.
Trog was extremely pleased with you.
You were very full.

You visited 1 branch of the dungeon, and saw 8 of its levels.
You also visited: Ossuary.

You collected 361 gold pieces.
You spent 62 gold pieces at shops.

Inventory:

Hand Weapons
 f - the +9 long sword "Amoerchai" {antimagic, -Tele Int+9, unknown}
   (You found it on level 6 of the Dungeon)

   It reduces the magical energy of the wielder, and disrupts the spells and
   magical abilities of those hit.
   Natural abilities and divine invocations are not affected.
   It affects your intelligence (+9).
   It prevents most forms of teleportation.
Jewellery
 k - a ring of protection from cold (left paw)
Wands
 n - a wand of digging (4)
 s - a wand of scattershot (4)
 y - a wand of random effects (31)
 z - a wand of iceblast (10)
 A - a wand of acid (11)
Scrolls
 c - 5 scrolls of remove curse
 d - a scroll of amnesia {unknown}
 j - 3 scrolls of fog
 m - a scroll of enchant armour
 o - a scroll of identify
 q - 2 scrolls of teleportation
 x - a scroll of vulnerability
Potions
 b - 2 potions of mutation
 e - a potion of ambrosia
 g - 5 potions of curing
 h - a potion of brilliance
 i - 3 potions of heal wounds
 l - a potion of might
 p - a potion of invisibility
 t - a potion of resistance
 u - 3 potions of haste
 v - 2 potions of agility {unknown}
 w - a potion of lignification
Comestibles
 a - 14 rations


   Skills:
 + Level 6.4 Fighting
 * Level 10.8 Dodging
 * Level 11.1 Stealth
 + Level 6.4 Unarmed Combat
 + Level 5.0 Evocations


You had 8 spell levels left.
You didn't know any spells.
Your spell library was empty.

Dungeon Overview and Level Annotations

Branches:
Dungeon (8/15)             Temple (0/1) D:5            Lair (0/6) D:8
Ossuary (visited)

Altars:
Ashenzari
Hepliaklqana
Okawaru
Sif Muna
Vehumet
Yredelemnul

Shops:
D:7 *   D:8 :

Annotations:
D:7 Harold, Pikel


Innate Abilities, Weirdness & Mutations

You cannot wear armour.
You are incapable of wielding weapons or throwing items.
Your paws allow you to move quietly. (Stealth)
You have sharp claws.
You have razor-sharp teeth.
You have supernaturally acute eyesight. (SInv)
You are carnivorous and can eat meat at any time.
You cover ground quickly.
You are covered in thick fur. (AC +2)
You have a slow metabolism.
Your sharp claws are effective at attacking unaware monsters.


Message History

You feel yourself moving faster!
You feel mighty! The big kobold closely misses you. The yak misses you.
The dream sheep completely misses you. The dream sheep closely misses you.
You are too injured to fight recklessly!
You are too injured to fight recklessly!
You are too injured to fight recklessly!
You claw the dream sheep!
The dream sheep is heavily wounded.
The yak gores the plant!
The big kobold hits you but does no damage.
The dream sheep completely misses you. The dream sheep barely misses you.
You claw the dream sheep!
The dream sheep is heavily wounded.
You closely miss the dream sheep.
The dream sheep is heavily wounded.
The big kobold barely misses you. The yak completely misses you.
The dream sheep bites you.
* * * LOW HITPOINT WARNING * * *
The dream sheep bites you!
You die...

####### #PP≈P.+ ###
#P≈)≈≈# #... #≈.P≈P##+#
###...###..Y@K#..#
#>.......≈%YYY'..#
######.#..P..'..#
#######.#≈....'.%#
#.......#.%...#.%# #P..P
####.############# ##.P..
#.# ##############PPP.P
#.######...........##...P.
#..................#..PP.P


You could see 2 yaks, a big kobold and 2 dream sheep.

Vanquished Creatures
  A water moccasin (D:8)
  3 porcupines (D:8)
  An orc warrior (D:7)
  2 sky beasts
  A phantom (D:5)
  5 black bears
  5 ogres
  A wolf (D:8)
  2 big kobolds (D:8)
  3 bullfrogs
  Blork the orc (D:6)
  A scorpion (D:7)
  2 howler monkeys
  4 jellies
  5 bullfrog zombies (Ossuary)
  A crimson imp (D:6)
  4 orc priests
  6 hounds
  4 centaur zombies (Ossuary)
  3 centaur skeletons (D:8)
  A bullfrog skeleton (D:4)
  13 mummies (Ossuary)
  2 iguanas
  3 orc wizards
  A worker ant (D:4)
  2 killer bee zombies (Ossuary)
  2 hound zombies
  A hound skeleton (D:8)
  A worker ant zombie (D:6)
  6 gnolls
  7 adders
  2 shadow imps
  An ooze (D:2)
  8 worms
  A dart slug (D:2)
  2 leopard geckos
  16 orcs
  8 bats
  6 giant cockroaches
  9 goblins
  3 hobgoblins
  8 jackals
  6 quokkas
  11 frilled lizards
  A giant cockroach zombie (Ossuary)
  A jackal skeleton (D:4)
  10 kobolds
  A leopard gecko skeleton (D:8)
  A leopard gecko zombie (Ossuary)
  2 quokka zombies
  9 rats
200 creatures vanquished.

Vanquished Creatures (collateral kills)
  Grum (D:8)
  A centaur (D:8)
  3 wolves (D:8)
  A bullfrog (D:8)
  A scorpion (D:8)
7 creatures vanquished.

Vanquished Creatures (others)
  8 fungi (D:8)
  2 plants (D:8)
  2 withered plants (Ossuary)
12 creatures vanquished.

Grand Total: 219 creatures vanquished

Notes
Turn   | Place    | Note
-------+----------+-------------------------------------------
     0 | D:1      | Emblim88 the Felid Berserker began the quest for the Orb.
     0 | D:1      | Reached XP level 1. HP: 10/10 MP: 2/2
   102 | D:1      | Reached skill level 1 in Stealth
   116 | D:1      | Reached XP level 2. HP: 13/14 MP: 3/3
   723 | D:2      | Reached skill level 2 in Stealth
   748 | D:2      | Reached ** piety under Trog
   755 | D:2      | Reached XP level 3. HP: 13/17 MP: 4/4
  1103 | D:2      | Reached skill level 3 in Stealth
  1118 | D:2      | Reached XP level 4. HP: 9/21 MP: 5/5
  1345 | D:2      | Found a faded altar of an unknown god.
  1724 | D:3      | Reached skill level 5 in Dodging
  2180 | D:3      | Reached skill level 4 in Stealth
  2180 | D:3      | Reached XP level 5. HP: 16/25 MP: 6/6
  2181 | D:3      | Reached *** piety under Trog
  2743 | D:4      | Gained mutation: You are covered in thick fur. (AC +2)
                  | [Felid growth]
  2743 | D:4      | Reached XP level 6. HP: 11/28 MP: 7/7
  3077 | D:4      | Reached skill level 5 in Stealth
  3252 | D:4      | Found a radiant altar of Vehumet.
  3529 | D:4      | Found a shattered altar of Ashenzari.
  3819 | D:5      | Entered Level 5 of the Dungeon
  3948 | D:5      | Reached skill level 6 in Stealth
  3948 | D:5      | Reached skill level 1 in Evocations
  3948 | D:5      | Reached XP level 7. HP: 27/32 MP: 8/8
  3959 | D:5      | Found a basalt altar of Yredelemnul.
  4099 | D:5      | Found a sand-covered staircase.
  4111 | Ossuary  | Entered an ossuary
  4374 | Ossuary  | Reached **** piety under Trog
  4374 | Ossuary  | Reached skill level 7 in Stealth
  4563 | Ossuary  | Reached XP level 8. HP: 36/36 MP: 10/10
  5149 | D:5      | Reached skill level 5 in Fighting
  5149 | D:5      | Reached skill level 5 in Unarmed Combat
  5343 | D:5      | Found a staircase to the Ecumenical Temple.
  5356 | D:5      | Reached skill level 8 in Stealth
  5652 | D:6      | Got a steaming long sword
  5927 | D:6      | Noticed Blork the orc
  5959 | D:6      | Killed Blork the orc
  5971 | D:6      | Found a shimmering blue altar of Sif Muna.
  6424 | D:6      | Reached skill level 9 in Stealth
  6685 | D:7      | Found Iklat Cua's Assorted Antiques.
  6710 | D:7      | Reached XP level 9. HP: 32/40 MP: 12/12
  6720 | D:7      | Bought a scroll of identify for 62 gold pieces
  6886 | D:7      | Noticed Harold
  6888 | D:7      | Noticed Pikel
  6990 | D:7      | Killed from afar by Harold
  6991 | D:7      | Reached XP level 8. HP: -1/37 MP: 11/11
  7295 | D:8      | Found a staircase to the Lair.
  7529 | D:8      | Found Memnam's Book Boutique.
  7534 | D:8      | Noticed Grum
  7548 | D:8      | Reached skill level 10 in Stealth
  7550 | D:8      | Killed Grum
  7552 | D:8      | Reached skill level 10 in Dodging
  7562 | D:8      | Reached XP level 9. HP: 29/41 MP: 13/13
  7618 | D:8      | HP: 2/41 [porcupine (14)]
  7621 | D:8      | Impaled on a porcupine's spines
  7622 | D:8      | Reached XP level 8. HP: 1/57 MP: 12/12
  7802 | D:8      | Found an iron altar of Okawaru.
  7823 | D:8      | Found a hazy altar of Hepliaklqana.
  7968 | D:8      | Reached skill level 11 in Stealth
  8014 | D:8      | Reached ***** piety under Trog
  8038 | D:8      | Reached skill level 5 in Evocations
  8211 | D:8      | Reached XP level 9. HP: 38/42 MP: 13/13
  8223 | D:8      | Slain by a dream sheep

Levels and vault maps discovered:
D:1:      tarquinn_simple_flora_water_e, layout_loops_ring
D:2:      layout_rooms, chequers_ecumenical_altar_island, kennysheep_potato
D:3:      layout_basic
D:4:      layout_rooms, old_standard_altar, overflow_temple_1_default,
          first_ration, nrook_campfire, minmay_hedge_maze
D:5:      layout_basic, lemuel_doored_altar, minmay_temple_entry_poolview,
          enter_ossuary_3, minmay_lizard_king
D:6:      layout_basic, tgw_sif
D:7:      layout_basic, serial_shops, nicolae_shop_trees, uniq_harold,
          uniq_pikel
D:8:      layout_basic, lemuel_round_altar, due_lair_maze_entry_diamond,
          serial_shops, shop, hangedman_ranch [blue_anna_fruit_fields],
          lemuel_tele_altar, uniq_grum

Skill      XL: |  1  2  3  4  5  6  7  8 |
---------------+-------------------------+-----
Stealth        | 1 2 3 4 6 7 11 | 11.1
Dodging        | 5 6 7 10 | 10.8
Fighting       | 4 6 |  6.4
Unarmed Combat | 4 6 |  6.4
Evocations     | 1 2 5 |  5.0

Action                   |  1- 3 |  4- 6 |  7- 9 || total
-------------------------+-------+-------+-------++-------
Melee: Unarmed           |   118 |   170 |   401 ||   689
       Bite              |     9 |    18 |    39 ||    66
       Punch             |     1 |     4 |    12 ||    17
Invok: Berserk           |     2 |     5 |    16 ||    23
       Trog's Hand       |       |       |     4 ||     4
       Brothers in Arms  |       |       |     1 ||     1
Evoke: Wand              |       |       |    11 ||    11
  Use: Scroll            |       |     7 |    11 ||    18
       Potion            |       |     1 |     3 ||     4
 Stab: Sleeping          |     6 |    12 |    16 ||    34
       Distracted        |     1 |     1 |     1 ||     3
  Eat: Chunk             |     8 |    11 |    21 ||    40
Armor: Skin              |     9 |     1 |    18 ||    28
Dodge: Dodged            |   107 |   117 |   397 ||   621
